 Dungeon Crawl Stone Soup version 0.25.1-2-g60ff931df9 (webtiles) character file.

Game seed: 11480740597018126987

1500 DerDa the Chiller (level 8, -1/52 HPs)
             Began as a Merfolk Ice Elementalist on Sept 21, 2020.
             Shot with an arrow by a centaur (6 damage)
             ... on level 6 of the Dungeon.
             The game lasted 00:18:37 (6963 turns).

DerDa the Chiller (Merfolk Ice Elementalist)        Turns: 6963, Time: 00:18:37

Health: -1/52      AC:  2    Str:  9    XL:     8   Next: 81%
Magic:  6/25       EV: 15    Int: 16    God:
Gold:   232        SH:  0    Dex: 14    Spells: 3/18 levels left

rFire    . . .     SeeInvis .   r - +0 spear
rCold    . . .     Gourm    .   (no shield)
rNeg     . . .     Faith    .   a - +0 robe
rPois    .         Spirit   .   (no helmet)
rElec    .         Reflect  .   (no cloak)
rCorr    .         Harm     .   (no gloves)
MR       .....                  (no boots)
Stlth    ++........             (no amulet)
HPRegen  0.17/turn              A - ring of magical power
MPRegen  0.19/turn              (no ring)

@: very slightly contaminated
A: change form in water, swift swim, stealthy swim
a: no special abilities


You were on level 6 of the Dungeon.
You were hungry.

You visited 1 branch of the dungeon, and saw 6 of its levels.

You collected 232 gold pieces.

Inventory:

Hand Weapons
 b - a +0 club
 r - a +0 spear (weapon)
 G - a +2 short sword of freezing
 H - a +0 scythe
Missiles
 l - 270 stones
 o - 14 boomerangs
 s - 19 poisoned darts (quivered)
 u - 29 sling bullets
Armour
 a - a +0 robe (worn)
 w - a +0 buckler
Magical Staves
 y - an uncursed staff of fire {unknown}
Jewellery
 A - a ring of magical power (left hand)
 K - an uncursed amulet of faith {unknown}
Wands
 v - a wand of digging (5)
Scrolls
 e - 2 scrolls of amnesia {unknown}
 k - 2 scrolls of enchant armour {unknown}
 m - 4 scrolls of teleportation {unknown}
 n - 3 scrolls of remove curse {unknown}
 p - 8 scrolls of identify {unknown}
 q - 2 scrolls of immolation {unknown}
 x - a scroll of blinking {unknown}
 B - a scroll of magic mapping {unknown}
 D - a scroll of enchant weapon {unknown}
Potions
 d - 2 potions of brilliance {unknown}
 f - a potion of degeneration {unknown}
 g - a potion of heal wounds {unknown}
 h - 3 potions of curing
 i - 3 potions of berserk rage {unknown}
 j - a potion of haste {unknown}
 t - a potion of invisibility {unknown}
 z - a potion of cancellation {unknown}
 C - a potion of stabbing {unknown}
 E - a potion of lignification {unknown}
 F - a potion of magic {unknown}
 I - a potion of might {unknown}
Comestibles
 c - 13 rations
 J - 2 chunks of flesh


   Skills:
 + Level 5.9 Dodging
 - Level 2.1 Stealth
 + Level 3.4 Shields
 * Level 5.8 Spellcasting
 * Level 2.0 Conjurations
 + Level 1.5 Summonings
 * Level 7.8 Ice Magic


You had 3 spell levels left.
You knew the following spells:

 Your Spells              Type           Power        Failure   Level  Hunger
a - Freeze                Ice            ####         1%          1    None
b - Frozen Ramparts       Ice            ####..       1%          3    ##.....
c - Ozocubu's Armour      Chrm/Ice       ###.....     9%          3    ##.....
d - Hailstorm             Conj/Ice       ###.....     19%         4    ####...
e - Summon Ice Beast      Ice/Summ       ###.....     21%         4    ####...

Your spell library contained the following spells:

 Spells                   Type           Power        Failure   Level  Hunger


Dungeon Overview and Level Annotations

Branches:
Dungeon (6/15)
 Temple: D:4-7

Altars:
Ashenzari
Cheibriados
Fedhas
Hepliaklqana
Nemelex Xobeh
Uskayaw
The Shining One

Annotations:
D:4 exclusion: phantom


Message History

The centaur wields a +0 shortbow.
The centaur shoots an arrow.
The arrow barely misses your ice beast. The arrow completely misses you.
You feel better.
Your ice beast hits the ice beast but does no damage.
The centaur shoots an arrow.
The arrow closely misses your ice beast.
The arrow hits you.
* * * LOW HITPOINT WARNING * * *
The ice beast hits your ice beast. The ice beast freezes your ice beast.
Your ice beast completely resists.
Your ice beast barely misses the ice beast.
Your ice beast hits the ice beast but does no damage. x2
The centaur shoots an arrow.
The arrow hits your ice beast!
The centaur shoots an arrow.
The arrow hits your ice beast.
Your ice beast hits the ice beast.
Your ice beast freezes the ice beast.
The ice beast completely resists.
Your ice beast hits the ice beast but does no damage.
The centaur shoots an arrow.
The arrow barely misses your ice beast. The arrow hits you.
You die...

.....#################
.###..................
.##.......#........#
.##..####.#........#
.##.....#.#........### .....
..#.>................+......#
#.#.#.###.#.........##......#
....#.....#.........##......#
#.###.###.......@.Y.##......##
#+#..........#.##...Y........###
......##.#.#.#)##...Y.(.........
......+....#.#.##..(...c........
......######.#.##.....)...(.....
.........<#....##...######......
..........#..####...## ...[.
.......##.#..........# ....
.....................# ...


You could see an ice beast, a centaur and 2 friendly ice beasts.

Vanquished Creatures
  Sigmund (D:3)
  An orc warrior (D:6)
  A phantom (D:5)
  A sky beast (D:5)
  2 ogres
  2 bullfrogs (D:6)
  2 scorpions (D:4)
  A howler monkey (D:5)
  A crimson imp (D:6)
  A centaur zombie (D:6)
  A jelly (D:5)
  2 orc priests
  2 orc wizards (D:5)
  Terence (D:3)
  An iguana (D:4)
  5 worker ants
  A hound skeleton (D:5)
  4 gnolls (D:5)
  12 adders
  2 shadow imps (D:5)
  2 oozes
  6 dart slugs
  4 leopard geckos
  8 orcs
  3 ball pythons
  5 bats
  6 giant cockroaches
  4 goblins
  8 hobgoblins
  10 jackals
  5 kobolds
  3 quokkas
  2 frilled lizards
  5 rats
115 creatures vanquished.

Vanquished Creatures (collateral kills)
  A killer bee zombie (D:6)
  An orc (D:6)
  A jackal (D:5)
3 creatures vanquished.

Grand Total: 118 creatures vanquished

Notes
Turn   | Place    | Note
-------+----------+-------------------------------------------
     0 | D:1      | DerDa the Merfolk Ice Elementalist began the quest for the
                  | Orb.
     0 | D:1      | Reached XP level 1. HP: 13/13 MP: 3/3
   120 | D:1      | Found a shattered altar of Ashenzari.
   161 | D:1      | Reached XP level 2. HP: 8/19 MP: 0/5
   723 | D:1      | Reached XP level 3. HP: 22/24 MP: 1/6
  1201 | D:2      | Reached skill level 5 in Ice Magic
  1396 | D:2      | Learned a level 3 spell: Frozen Ramparts
  1400 | D:2      | Learned a level 3 spell: Ozocubu's Armour
  1463 | D:2      | Reached XP level 4. HP: 27/30 MP: 6/8
  1613 | D:2      | Found a blossoming altar of Fedhas.
  1875 | D:2      | Found a glowing golden altar of the Shining One.
  2572 | D:3      | Noticed Terence
  2583 | D:3      | Noticed Sigmund
  2602 | D:3      | Reached XP level 5. HP: 35/35 MP: 7/9
  2885 | D:3      | Found a hazy altar of Hepliaklqana.
  3406 | D:4      | Reached skill level 1 in Shields
  3406 | D:4      | Reached XP level 6. HP: 28/41 MP: 4/11
  3572 | D:4      | Noticed a phantom
  3613 | D:5      | Entered Level 5 of the Dungeon
  3947 | D:4      | Noticed a phantom
  4174 | D:4      | Reached skill level 6 in Ice Magic
  4817 | D:3      | Killed Terence
  4919 | D:3      | Killed Sigmund
  4919 | D:3      | Reached XP level 7. HP: 43/46 MP: 13/13
  5126 | D:5      | Reached skill level 5 in Dodging
  5335 | D:5      | Reached skill level 7 in Ice Magic
  5336 | D:5      | Reached skill level 5 in Spellcasting
  5383 | D:5      | Reached XP level 8. HP: 22/52 MP: 13/15
  5393 | D:4      | Learned a level 4 spell: Hailstorm
  5398 | D:4      | Learned a level 4 spell: Summon Ice Beast
  5614 | D:5      | Found a sparkling altar of Nemelex Xobeh.
  5835 | D:5      | Reached skill level 1 in Conjurations
  6167 | D:5      | Found a snail-covered altar of Cheibriados.
  6496 | D:6      | Found a hide-covered altar of Uskayaw.
  6496 | D:6      | Noticed a +0 dagger
  6496 | D:6      | Noticed a +4 dagger
  6498 | D:6      | Reached skill level 1 in Summonings
  6958 | D:6      | HP: 1/52 [something (11)]
  6963 | D:6      | Shot with an arrow by a centaur

Illustrated notes

Levels and vault maps discovered:
D:1:      minmay_arrival_floating_metal, layout_rooms, serial_glass,
          glass_columns_a, glass_columns_a, ashenzari_altar_1
D:2:      layout_basic, overflow_temple_1_default, fedhas_altar_3, first_ration,
          kennysheep_minor_cross, eino_curves_01
D:3:      layout_rooms, lemuel_coloured_pillars_altar, uniq_terence,
          uniq_sigmund
D:4:      layout_basic
D:5:      lemuel_ice_spiral_2, layout_rooms, cheibriados_altar_1,
          kennysheep_mini, kennysheep_generic_room_15
D:6:      minmay_clustersquares, layout_basic, zin_statuary,
          lemuel_doored_altar, kennysheep_mini_moat, dancing_weapons_uskayaw,
          minmay_temple_entry_large_hall

Skill      XL: |  1  2  3  4  5  6  7  8 |
---------------+-------------------------+-----
Dodging        | 3 4 5 |  5.9
Ice Magic      | 5 6 7 |  7.8
Spellcasting   | 3 4 5 |  5.8
Shields        | 1 2 3 |  3.4
Conjurations   | 2 |  2.0
Summonings     | 1 |  1.5
Stealth        | |  2.1

Action                   |  1- 3 |  4- 6 |  7- 9 || total
-------------------------+-------+-------+-------++-------
Melee: Club              |     5 |     2 |       ||     7
       Spear             |       |    31 |   107 ||   138
Throw: Dart              |       |    15 |     7 ||    22
 Cast: Freeze            |    47 |    74 |    51 ||   172
       Frozen Ramparts   |       |     9 |    19 ||    28
       Ozocubu's Armour  |       |       |     6 ||     6
       Summon Ice Beast  |       |       |     6 ||     6
       Hailstorm         |       |       |     1 ||     1
  Use: Potion            |       |       |     1 ||     1
 Stab: Sleeping          |       |     2 |     1 ||     3
       Distracted        |       |     1 |     1 ||     2
  Eat: Chunk             |     2 |    11 |    10 ||    23
Armor: Robe              |    12 |    10 |    24 ||    46
Dodge: Dodged            |    46 |    57 |   112 ||   215
